Map: King's Cove LE

Players

A.I. 1 (Elite)

  • Race: Protoss Protoss
  • Spawn Location: 5:00

A.I. 2 (Elite)

  • Race: Terran Terran
  • Spawn Location: 11:00

VOD

Have the link to the VOD?

Description

Time

  • Played on: Feb. 7, 2019, 12:02 a.m.
  • Length: 20:52
Show
View Real Time Build Order
Export as new Build Order

A.I. 1 (Elite) Protoss 

Build Orders: 1 Gate Expand, Zealot Archon 

Get SALT Encoding   

  12  0:01  Probe  
  13  0:13  Probe  
  14  0:21  Pylon  
  14  0:25  Probe  
  15  0:35  Probe  
  16  0:43  Probe  
  17  0:51  Gateway  
  17  0:52  Probe  
  18  1:00  Probe  
  19  1:17  Probe  
  19  1:19  Nexus  
  20  1:29  Probe  
  21  1:37  Pylon  
  21  1:39  Zealot  
  23  1:46  Cybernetics Core  
  23  1:49  Assimilator  
  23  1:53  Probe  
  24  2:01  Probe  
  25  2:09  Probe  
  26  2:21  Probe  
  27  2:23  Pylon  
  27  2:27  Probe  
  27  2:32  Warp Gate  
  27  2:34  Probe  
  27  2:36  Gateway  
  29  2:40  Assimilator  
  29  2:41  Probe  
  29  2:46  Stalker  
  30  2:57  Pylon, Probe  
  33  3:00  Probe  
  34  3:09  Probe  
  34  3:12  Probe  
  36  3:13  Adept  
  36  3:16  Adept  
  38  3:24  Probe  
  41  3:27  Probe  
  41  3:29  Robotics Facility  
  42  3:36  Probe  
  42  3:39  Probe  
  42  3:41  Adept  
  44  3:43  Adept  
  48  3:48  Probe  
  48  3:51  Probe  
  50  4:01  Probe  
  51  4:03  Adept, Probe  
  52  4:10  Adept  
  52  4:12  Pylon  
  52  4:13  Probe  
  52  4:15  Probe  
  58  4:19  Robotics Bay  
  37  4:40  Adept  
  37  4:41  Probe  
  37  4:44  Probe  
  37  4:45  Zealot  
  35  4:53  Probe  
  35  4:57  Probe  
  36  5:00  Stalker, Adept  
  36  5:05  Probe x2  
  41  5:13  Probe  
  42  5:17  Probe  
  44  5:21  Adept  
  44  5:23  Probe  
  44  5:24  Twilight Council  
  47  5:29  Probe  
  47  5:32  Probe  
  48  5:40  Probe  
  48  5:41  Probe  
  51  5:51  Zealot  
  51  5:56  Assimilator, Probe  
  54  6:00  Assimilator  
  54  6:01  Probe  
  55  6:06  Templar Archives, Probe  
  55  6:10  Gateway  
  56  6:13  Probe  
  56  6:14  Probe  
  58  6:23  Probe  
  58  6:25  Probe  
  59  6:29  Pylon  
  60  6:40  Stalker, Probe  
  60  6:45  High Templar  
  65  6:47  Probe  
  65  6:51  Forge  
  65  6:52  Probe  
  65  6:53  Pylon  
  67  6:56  Stalker  
  67  6:57  Nexus, Forge  
  67  6:59  Probe  
  70  7:04  High Templar  
  72  7:11  Probe  
  72  7:13  Probe, Pylon  
  74  7:16  Observer  
  74  7:17  Stalker, Zealot  
  79  7:23  Probe  
  79  7:24  Archon  
  79  7:29  High Templar  
  82  7:34  Pylon  
  82  7:37  Stalker  
  82  7:40  Sentry  
  82  7:41  Pylon  
  86  7:44  Pylon  
  86  7:56  Stalker  
  88  7:59  Stalker  
  88  8:00  Sentry  
  88  8:03  Gateway  
  92  8:10  Probe  
  92  8:11  Probe x2  
  92  8:12  Protoss Ground Weapons Level 1  
  95  8:14  High Templar  
  97  8:20  Assimilator  
  97  8:21  Protoss Ground Armor Level 1  
  97  8:22  Assimilator  
  97  8:23  Stalker, Probe x3  
  97  8:26  Archon  
  102  8:34  Probe  
  102  8:35  High Templar, Probe  
  102  8:36  Probe  
  102  8:38  Photon Cannon  
  107  8:43  Probe  
  107  8:47  Probe  
  107  8:48  Photon Cannon, Probe  
  110  8:49  High Templar  
  110  8:51  Probe  
  113  8:58  High Templar  
  113  8:59  Probe  
  113  9:00  Probe  
  113  9:01  Photon Cannon  
  113  9:02  Probe  
  117  9:03  Archon  
  117  9:06  Immortal, Pylon  
  117  9:08  High Templar  
  117  9:09  Zealot  
  122  9:11  Probe  
  122  9:14  Probe  
  122  9:16  Probe  
  123  9:21  Stalker  
  103  9:24  Zealot  
  103  9:30  Stalker  
  89  9:40  Sentry, Zealot  
  89  9:44  Pylon, Zealot  
  93  9:50  Gateway  
  93  9:52  Photon Cannon  
  93  9:53  Warp Prism, Zealot  
  93  9:58  Adept  
  99  10:00  Nexus, Adept  
  99  10:03  Zealot  
  99  10:04  Psionic Storm  
  103  10:12  Photon Cannon  
  103  10:14  High Templar, Adept  
  105  10:18  Pylon  
  105  10:19  Stalker  
  105  10:21  Archon  
  109  10:23  High Templar  
  111  10:30  Observer  
  111  10:34  Stalker, High Templar  
  115  10:39  Photon Cannon  
  115  10:41  Archon, Photon Cannon  
  115  10:44  High Templar  
  115  10:45  Stalker  
  115  10:46  Sentry  
  121  10:50  Warp Prism  
  121  10:55  Gateway, High Templar  
  125  11:06  High Templar  
  125  11:08  Archon, Zealot  
  125  11:10  Stalker  
  131  11:13  Photon Cannon  
  131  11:16  High Templar  
  133  11:20  Assimilator  
  133  11:24  High Templar  
  133  11:25  Zealot  
  137  11:28  Zealot  
  137  11:29  Archon  
  137  11:30  Pylon  
  137  11:31  Assimilator  
  115  11:38  Zealot  
  114  11:42  Stalker, Zealot  
  114  11:44  Observer  
  119  11:49  Adept, Zealot  
  123  11:55  Immortal  
  123  11:57  Zealot  
  123  11:58  Adept  
  123  11:59  Stalker  
  129  12:03  Zealot  
  129  12:07  Photon Cannon  
  135  12:09  Sentry, Zealot  
  135  12:11  Pylon  
  135  12:15  Zealot  
  141  12:17  Zealot  
  141  12:18  Zealot  
  141  12:22  Protoss Ground Weapons Level 2  
  145  12:23  Charge, Sentry  
  145  12:25  Photon Cannon  
  145  12:29  Photon Cannon, Zealot  
  149  12:31  High Templar  
  149  12:32  Photon Cannon  
  149  12:33  Adept  
  149  12:34  Immortal  
  149  12:35  Stalker, Photon Cannon  
  149  12:37  High Templar  
  161  12:39  Pylon  
  161  12:46  Zealot  
  161  12:47  Probe  
  161  12:48  Zealot  
  161  12:50  Zealot  
  153  12:54  Zealot  
  153  12:58  Stalker  
  137  13:05  Zealot  
  137  13:06  High Templar  
  137  13:09  Archon, Stalker  
  137  13:10  Sentry  
  143  13:13  Pylon  
  143  13:14  High Templar, Observer  
  143  13:19  Stalker  
  148  13:21  High Templar  
  150  13:29  Photon Cannon  
  150  13:31  Archon  
  150  13:33  High Templar, Adept  
  154  13:35  Photon Cannon, Observer  
  154  13:38  Photon Cannon  
  154  13:39  Stalker  
  154  13:40  Stalker  
  159  13:42  High Templar, Nexus  
  159  13:43  Archon  
  161  13:54  Stalker, High Templar  
  165  13:55  Archon  
  165  13:58  Robotics Facility  
  165  13:59  High Templar  
  167  14:03  High Templar  
  169  14:10  High Templar  
  169  14:14  Pylon, Zealot  
  173  14:17  High Templar  
  173  14:18  Gateway  
  173  14:19  Blink  
  175  14:27  High Templar  
  175  14:29  Zealot  
  179  14:32  Protoss Ground Armor Level 2  
  179  14:33  Zealot  
  179  14:36  High Templar  
  183  14:42  Archon  
  183  14:47  Archon  
  183  14:50  High Templar  
  183  14:52  Photon Cannon  
  183  14:53  Zealot  
  183  14:54  Zealot x2  
  183  14:55  Immortal  
  183  14:59  Immortal  
  169  15:02  Photon Cannon  
  169  15:04  Sentry  
  169  15:06  Stalker  
  145  15:08  Assimilator  
  145  15:11  Pylon  
  145  15:12  Stalker, Adept  
  145  15:13  Stalker, Assimilator  
  145  15:14  Stalker  
  145  15:22  Stalker  
  145  15:25  Adept  
  145  15:26  High Templar  
  149  15:28  Stalker  
  149  15:35  Stalker  
  143  15:36  Stalker  
  143  15:38  High Templar  
  143  15:41  Photon Cannon  
  135  15:45  High Templar  
  135  15:46  Pylon  
  135  15:48  Stalker  
  131  15:51  Sentry  
  125  15:58  Adept  
  125  15:59  Sentry  
  125  16:00  Stalker  
  131  16:08  Photon Cannon  
  131  16:09  Zealot  
  131  16:10  Photon Cannon  
  131  16:11  Stalker, Adept, Zealot  
  135  16:13  Archon  
  135  16:14  Stalker, Observer  
  142  16:19  Archon  
  142  16:22  Sentry  
  142  16:23  High Templar  
  142  16:25  High Templar  
  148  16:28  Observer  
  148  16:30  High Templar  
  151  16:33  High Templar  
  151  16:34  Zealot  
  151  16:37  Nexus  
  155  16:40  High Templar  
  155  16:45  Archon  
  155  16:46  High Templar  
  157  16:47  Pylon  
  157  16:49  Pylon  
  157  16:52  High Templar  
  157  16:55  Archon  
  157  16:59  High Templar  
  159  17:04  Archon  
  159  17:05  High Templar  
  161  17:11  High Templar, Zealot  
  161  17:12  Archon  
  165  17:17  High Templar, Zealot  
  169  17:23  Archon  
  169  17:25  High Templar  
  169  17:27  Photon Cannon  
  169  17:29  Immortal  
  174  17:30  Observer  
  174  17:31  Photon Cannon  
  175  17:40  Immortal  
  175  17:42  High Templar  
  177  17:49  High Templar  
  183  17:56  High Templar  
  185  17:59  Assimilator, Zealot  
  185  18:02  High Templar  
  189  18:07  Archon  
  189  18:08  Pylon  
  189  18:09  Nexus  
  189  18:10  High Templar  
  189  18:11  Assimilator  
  189  18:12  Protoss Ground Weapons Level 3  
  191  18:15  Immortal, Pylon  
  191  18:17  High Templar  
  191  18:18  Zealot  
  187  18:21  Immortal  
  173  18:28  Stalker  
  173  18:30  Stalker  
  173  18:31  Photon Cannon  
  173  18:32  Stalker  
  161  18:35  Stalker  
  161  18:37  Adept, Photon Cannon  
  161  18:39  Photon Cannon  
  161  18:42  Stalker  
  161  18:45  Zealot  
  165  18:50  Observer  
  165  18:51  Stalker  
  165  18:52  Stalker  
  165  18:54  Stalker  
  168  18:56  Observer  
  168  18:58  Stalker  
  169  19:04  High Templar  
  169  19:08  Adept  
  167  19:10  High Templar  
  167  19:16  High Templar  
  171  19:22  High Templar  
  171  19:23  Stalker  
  175  19:26  Stalker  
  175  19:29  Assimilator, Sentry  
  179  19:33  Observer, Pylon  
  179  19:34  Archon  
  179  19:36  Zealot, Colossus  
  181  19:39  Colossus  
  181  19:42  High Templar  
  183  19:47  Zealot  
  183  19:48  Adept  
  191  19:56  Photon Cannon  
  197  20:00  Pylon  
  197  20:15  Stargate  
  197  20:17  Robotics Facility  
  197  20:23  Photon Cannon  
  197  20:25  Photon Cannon  
  197  20:32  Forge  
  197  20:48  Photon Cannon  
  197  20:50  Photon Cannon  
  197  20:51  Nexus  
Show
View Real Time Build Order
Export as new Build Order

A.I. 2 (Elite) Terran 

Build Orders:  

Get SALT Encoding   

  12  0:00  SCV  
  13  0:13  SCV  
  14  0:19  Supply Depot  
  14  0:25  SCV  
  15  0:40  SCV  
  16  0:44  Barracks  
  16  0:47  Refinery  
  16  0:53  SCV  
  17  1:04  Barracks  
  17  1:06  SCV  
  18  1:18  SCV  
  19  1:32  Orbital Command  
  19  1:33  Marine  
  20  1:44  Barracks  
  20  1:51  Marine x2  
  22  2:01  Supply Depot  
  22  2:03  SCV  
  23  2:09  Barracks Tech Lab x2  
  23  2:23  SCV  
  23  2:27  Marine x2  
  23  2:29  Stimpack  
  26  2:30  Marine  
  26  2:31  Concussive Shells  
  27  2:39  Supply Depot  
  27  2:44  Marine  
  27  2:45  Marine  
  27  2:48  SCV, Marine  
  31  3:03  Marauder  
  31  3:04  Marauder  
  35  3:06  Marine  
  35  3:08  Supply Depot  
  36  3:23  SCV, Combat Shield  
  36  3:24  Marine x2  
  39  3:29  Marine  
  39  3:31  Supply Depot  
  40  3:39  SCV  
  41  3:41  Marine  
  41  3:48  Marauder  
  44  3:49  Refinery  
  44  4:00  Marauder  
  48  4:10  Marauder  
  48  4:11  SCV  
  48  4:13  Supply Depot  
  49  4:21  Marauder  
  50  4:29  Command Center  
  48  4:32  Marine  
  48  4:40  Marine  
  48  4:43  Marauder  
  46  4:50  Marine  
  44  4:58  Marine  
  43  5:03  Marine  
  44  5:08  Marauder  
  44  5:11  Factory  
  46  5:15  Marine  
  46  5:16  Engineering Bay  
  47  5:22  Marauder  
  49  5:29  Marine  
  49  5:33  Marine  
  51  5:43  Terran Infantry Armor Level 1, SCV, Marauder  
  51  5:46  SCV  
  55  5:55  SCV  
  56  5:59  SCV  
  57  6:07  SCV  
  57  6:11  SCV  
  59  6:19  SCV, Marine  
  59  6:20  Marauder  
  59  6:21  Engineering Bay, Marine  
  59  6:23  SCV  
  65  6:31  SCV  
  66  6:37  Command Center  
  66  6:38  Marauder  
  68  6:47  Starport, Barracks Reactor  
  68  6:52  SCV  
  68  6:57  SCV, Supply Depot  
  69  7:03  Terran Infantry Weapons Level 1  
  69  7:04  SCV  
  69  7:06  Marine  
  71  7:08  Marine  
  71  7:09  SCV  
  73  7:16  SCV  
  73  7:21  SCV  
  75  7:24  Supply Depot  
  75  7:25  Marauder, Medivac  
  75  7:28  SCV  
  80  7:33  SCV, Marauder  
  83  7:40  SCV  
  84  7:46  SCV  
  84  7:48  Supply Depot  
  84  7:49  Orbital Command  
  85  7:53  SCV  
  85  7:54  Missile Turret  
  85  7:55  Medivac  
  85  7:58  SCV  
  89  8:01  Missile Turret  
  89  8:05  SCV, Missile Turret  
  90  8:10  SCV  
  91  8:15  Missile Turret  
  91  8:17  SCV  
  91  8:19  SCV  
  93  8:22  SCV  
  94  8:29  SCV  
  94  8:30  Barracks  
  94  8:31  Starport Reactor  
  95  8:34  SCV, Marine  
  95  8:36  SCV  
  95  8:39  Marine  
  95  8:40  Marine  
  101  8:41  SCV  
  101  8:42  Marine  
  101  8:46  SCV, Supply Depot  
  103  8:53  SCV  
  103  8:54  SCV  
  105  8:57  Marauder  
  105  8:58  SCV  
  108  9:05  SCV, Armory  
  108  9:07  SCV, Viking, Medivac  
  114  9:10  SCV  
  114  9:12  Supply Depot  
  114  9:15  Marauder  
  116  9:19  Marauder  
  116  9:20  Marine  
  116  9:21  Marine  
  116  9:23  Marine, Orbital Command  
  90  9:36  Marauder  
  90  9:37  Viking, Medivac  
  90  9:38  Marine  
  86  9:39  Missile Turret, Marine  
  86  9:40  Marine  
  86  9:41  Marine  
  88  9:45  Refinery  
  88  9:47  Refinery  
  88  9:51  Refinery  
  88  9:53  Refinery  
  88  9:54  Terran Infantry Weapons Level 2  
  88  9:56  Marine  
  88  9:58  Marauder x2, Marine  
  88  9:59  Marine  
  95  10:02  Missile Turret  
  95  10:07  Viking, Medivac  
  95  10:08  SCV  
  95  10:09  SCV  
  95  10:10  SCV  
  95  10:14  Marine  
  102  10:18  Marine  
  102  10:19  Marauder  
  102  10:20  Marine  
  102  10:21  SCV, Command Center  
  108  10:26  SCV  
  108  10:28  SCV  
  110  10:30  Marine  
  110  10:33  SCV  
  112  10:35  Missile Turret  
  112  10:36  Marine  
  112  10:37  Viking, Medivac  
  112  10:38  SCV  
  112  10:41  Marauder  
  120  10:43  Supply Depot  
  120  10:44  Marine  
  120  10:47  Hellion  
  123  10:55  Marauder  
  125  11:05  Marauder  
  125  11:08  Hellion  
  125  11:10  Factory  
  129  11:11  Supply Depot  
  129  11:16  Marauder  
  130  11:26  Marauder  
  130  11:30  Hellion  
  123  11:33  Medivac  
  123  11:34  Missile Turret  
  123  11:37  Supply Depot, Marauder  
  127  11:41  SCV  
  127  11:42  SCV  
  129  11:48  Marauder  
  129  11:49  Planetary Fortress  
  129  11:51  Widow Mine  
  129  11:53  Widow Mine  
  135  11:59  Marauder  
  135  12:01  Missile Turret  
  137  12:03  Missile Turret  
  137  12:05  Refinery  
  137  12:07  Factory  
  137  12:09  Marauder  
  137  12:12  Factory Tech Lab, Starport  
  137  12:14  Supply Depot  
  137  12:15  Refinery, Hellion  
  141  12:18  Terran Infantry Weapons Level 3  
  141  12:20  Marauder  
  143  12:23  Missile Turret  
  143  12:27  Missile Turret  
  143  12:31  Marauder, Hellion, Infernal Pre-Igniter  
  143  12:36  Factory Tech Lab  
  147  12:38  Supply Depot  
  147  12:40  Armory  
  147  12:42  Marauder  
  149  12:49  Missile Turret  
  149  12:50  Starport Tech Lab, Command Center  
  143  12:52  Marauder, Hellion  
  143  12:53  Hellion  
  143  12:54  Cyclone, Hi-Sec Auto Tracking, Marine  
  143  12:56  Marine  
  143  12:57  Marine  
  130  13:03  Marauder  
  110  13:09  Raven  
  110  13:11  Ghost Academy  
  110  13:12  Marine  
  113  13:13  Marauder, Siege Tank  
  113  13:14  Hellion, Marine  
  113  13:15  Marine  
  122  13:22  Terran Vehicle Weapons Level 1  
  122  13:24  Marauder  
  122  13:26  Siege Tank  
  127  13:30  Marine  
  127  13:32  Marine  
  129  13:35  Marauder, Hellion  
  133  13:45  Thor  
  133  13:46  Marauder  
  141  13:54  Raven  
  141  13:55  Ghost  
  143  13:57  Factory Tech Lab  
  143  13:58  Thor  
  151  14:07  Marauder  
  153  14:16  Siege Tank  
  156  14:17  Refinery, Planetary Fortress  
  156  14:21  Missile Turret  
  155  14:24  SCV  
  155  14:25  Missile Turret, Marauder  
  155  14:27  Refinery  
  155  14:28  Thor, Ghost  
  155  14:29  Missile Turret  
  166  14:41  Siege Tank  
  169  14:46  Marauder  
  169  14:48  Thor  
  169  14:52  SCV  
  171  14:53  SCV  
  171  14:56  Marine, Ghost  
  171  14:57  Marine x2  
  146  15:04  Missile Turret  
  121  15:07  SCV, Marauder  
  121  15:08  SCV  
  121  15:09  SCV  
  121  15:10  SCV  
  121  15:11  Terran Vehicle And Ship Armor Level 1, Neosteel Armor, Siege Tank  
  121  15:13  Hellion  
  103  15:14  Marine x2  
  103  15:16  Marine  
  103  15:19  SCV  
  103  15:21  SCV  
  93  15:22  SCV  
  93  15:24  SCV  
  93  15:25  Marine  
  93  15:28  Marine  
  93  15:31  Command Center  
  93  15:32  SCV, Hellion, Marine x2  
  93  15:33  SCV, Marine  
  93  15:34  Siege Tank  
  94  15:36  SCV  
  91  15:43  Marauder  
  91  15:44  SCV, Hellion  
  91  15:46  Ghost  
  91  15:49  Marine  
  88  15:58  Marine  
  88  16:00  Marine  
  88  16:03  Command Center  
  90  16:05  Hellion  
  90  16:06  SCV  
  90  16:07  SCV  
  90  16:10  SCV  
  95  16:15  Hellion  
  95  16:18  SCV  
  98  16:19  Hellion  
  98  16:20  SCV  
  98  16:22  SCV  
  102  16:27  Siege Tank  
  105  16:35  Marauder, Marine  
  105  16:36  Siege Tank  
  112  16:40  Marauder  
  112  16:42  Marine  
  112  16:45  Marine  
  111  16:53  Marine  
  112  16:56  Marauder  
  116  17:01  Marauder  
  116  17:15  Raven  
  118  17:18  Marauder  
  122  17:23  Marauder  
  122  17:34  Fusion Core  
  122  17:37  Siege Tank  
  122  17:39  Marauder  
  122  17:40  Siege Tank  
  132  17:44  Marauder  
  132  17:47  Hellion  
  134  17:58  Marine  
  135  17:59  Marine, Ghost  
  135  18:00  Marine  
  141  18:05  Marauder  
  141  18:09  Hellion, Thor  
  149  18:15  Marine  
  149  18:16  SCV  
  149  18:17  Marine  
  149  18:18  Marine  
  143  18:22  Raven  
  143  18:26  Ghost  
  121  18:29  Marauder  
  121  18:31  SCV  
  121  18:33  Marine  
  95  18:35  Marine  
  95  18:36  Marine  
  95  18:37  SCV  
  95  18:40  SCV  
  90  18:41  SCV  
  90  18:45  SCV  
  90  18:47  SCV  
  83  18:50  SCV, Marine  
  83  18:51  Marine  
  83  18:53  Marine  
  83  18:55  Marauder, Marine  
  85  18:57  SCV  
  85  18:58  SCV x2  
  85  19:00  SCV  
  76  19:02  SCV  
  76  19:07  Marine  
  76  19:09  SCV, Marine  
  74  19:10  SCV x2  
  74  19:11  Marine  
  74  19:12  SCV  
  74  19:13  Marine  
  74  19:15  SCV  
  74  19:16  Ghost  
  75  19:22  SCV  
  68  19:24  SCV  
  68  19:25  Ghost  
  68  19:26  SCV  
  68  19:28  SCV, Marine  
  68  19:30  SCV  
  68  19:31  Marine  
  66  19:40  SCV  
  66  19:45  Marine  
  63  19:46  Marine  
  63  19:47  SCV x2  
  63  19:48  SCV  
  63  19:49  Marine  
  65  19:53  SCV  
  65  19:54  Marauder  
  65  19:59  SCV  
  64  20:01  SCV  
  64  20:02  Marine  
  64  20:04  Marine  
  64  20:05  SCV  
  62  20:07  Marine  
  62  20:11  SCV  
  50  20:15  Marine  
  50  20:21  Marauder  
  46  20:26  Command Center  
  32  20:46  Command Center  
  31  20:50  Barracks  
Tags
 
Add a new tag
Caveats
  • Supply blocks, unpowered buildings, or Contaminate may cause inaccurate times.
  • Supply counts are checked every 10 seconds.